 Dungeon Crawl Stone Soup version 0.30-a0-364-gf6b3ef1049 (webtiles) character file.

Game seed: 7070971870066409776

1838 GiantSquids the Ruffian (level 9, -1/62 HPs)
             Began as an Octopode Fighter on Nov 15, 2022.
             Was an Initiate of Cheibriados.
             Slain by a sky beast (6 damage)
             ... on level 6 of the Dungeon.
             The game lasted 00:13:26 (6254 turns).

GiantSquids the Ruffian (Octopode Fighter)          Turns: 6254, Time: 00:13:27

Health: -1/62      AC:  1    Str: 18    XL:     9   Next: 11%
Magic:  9/9        EV: 15    Int: 13    God:    Cheibriados [......]
Gold:   384        SH:  4    Dex: 13    Spells: 8/8 levels left

rFire   . . .      SeeInvis .      - Unarmed
rCold   . . .      Faith    .    a - +0 buckler
rNeg    . . .      Spirit   .    (helmet restricted)
rPois   +          Reflect  .    (no amulet)
rElec   .          Harm     .    q - ring of poison resistance
rCorr   .          Rampage  .    (no ring)
Will    .....                    (no ring)
Stlth   ++++......               (no ring)
HPRegen 0.30/turn                (no ring)
MPRegen 0.11/turn                (no ring)
                                 (no ring)
                                 (no ring)

@: very slow
A: almost no armour, amphibious, 8 rings, camouflage 1, gelatinous body 1,
(nimble swimmer 1), tentacles
a: Renounce Religion


You were on level 6 of the Dungeon.
You worshipped Cheibriados.
Cheibriados was noncommittal.
You visited 1 branch of the dungeon, and saw 6 of its levels.

You collected 384 gold pieces.

Inventory:

Missiles
 A - 3 poisoned darts (quivered)
Armour
 a - a +0 buckler (worn)
Jewellery
 q - a ring of poison resistance (left tentacle)
Scrolls
 d - 2 scrolls of immolation {unknown}
 f - 4 scrolls of fear {unknown}
 g - 7 scrolls of identify {unknown}
 h - 2 scrolls of vulnerability {unknown}
 l - 4 scrolls of teleportation {unknown}
 m - 2 scrolls of torment {unknown}
 o - a scroll of summoning {unknown}
 r - 2 scrolls of poison {unknown}
 s - a scroll of blinking {unknown}
 v - 2 scrolls of fog {unknown}
 x - a scroll of magic mapping {unknown}
 y - a scroll of amnesia {unknown}
Potions
 b - 2 potions of might
 c - 2 potions of degeneration {unknown}
 e - 3 potions of curing
 i - a potion of magic {unknown}
 j - a potion of brilliance {unknown}
 k - a potion of flight {unknown}
 n - 3 potions of heal wounds {unknown}
 p - a potion of attraction {unknown}
 t - 2 potions of invisibility {unknown}
 u - a potion of cancellation {unknown}
 w - a potion of lignification {unknown}


   Skills:
 + Level 6.2 Fighting
 + Level 6.0 Dodging
 + Level 5.7 Stealth
 - Level 3.0 Shields
 * Level 7.7 Unarmed Combat
 - Level 1.0 Invocations


You had 8 spell levels left.
You didn't know any spells.
Your spell library contained the following spells:

 Spells                   Type           Power      Damage    Failure   Level
 Beastly Appendage        Tmut           0%         N/A       38%         1
 Sting                    Tmut/Pois      0%         1d3       38%         1
 Poisonous Vapours        Pois/Air       0%         N/A       52%         2
 Wereblood                Tmut           0%         N/A       52%         2
 Spider Form              Tmut/Pois      0%         N/A       77%         3
 Stone Arrow              Conj/Erth      0%         3d7       77%         3
 Olgreb's Toxic Radiance  Pois           0%         N/A       99%         4
 Lehudib's Crystal Spear  Conj/Erth      0%         10d2      100%        8
 Animate Armour           Summ/Erth      Unusable   N/A       N/A         4

Dungeon Overview and Level Annotations

Branches:
Dungeon (6/15)
 Temple: D:4-7

Altars:
Cheibriados
Dithmenos
Makhleb
Xom


Innate Abilities, Weirdness & Mutations

You cannot wear most types of armour.
You are amphibious.
You can wear up to eight rings at the same time.
Your skin changes colour to match your surroundings (Stealth+).
Your rubbery body absorbs attacks. (AC +1, EV +1)
((You are camouflaged when in or above water. (Stealth+)))
You have tentacles for arms and can constrict up to eight enemies at once.


Message History

Throw: 4 darts (poison)
Press: ? - help, Q - select action Shift-Dir - straight line, f/p - sky beast
Aim: a sky beast (poisoned, 50% to hit)
You throw a poisoned dart.
The poisoned dart closely misses the sky beast.
You barely miss the sky beast. You squeeze the sky beast.
The sky beast is lightly wounded.
The sky beast closely misses you.
You closely miss the sky beast.
The sky beast is lightly wounded.
The sky beast hits you. The sky beast shocks you.
You tentacle-slap the sky beast.
The sky beast is heavily wounded.
The sky beast closely misses you.
You barely miss the sky beast. Your squeeze misses the sky beast.
The sky beast is heavily wounded.
The sky beast flickers out of sight!
Deactivating autopickup; reactivate with Ctrl-A.
Something hits you. Something shocks you.
You tentacle-slap something. Something closely misses you.
You closely miss something. You block something's attack.
You miss something. Something hits you. Something shocks you.
You tentacle-slap something. You completely miss something. Something hits you.
Something shocks you.
You miss something. Something hits you. Something shocks you.
You bludgeon something!
Your tentacle-slap misses something.
Something hits you but does no damage.
You barely miss something. Something hits you. Something shocks you.
* * * LOW HITPOINT WARNING * * *
You barely miss something. Your squeeze misses something.
Something hits you but does no damage.
You tentacle-slap something but do no damage.
You squeeze something. Something hits you.
* * * LOW HITPOINT WARNING * * *
Something shocks you.
* * * LOW HITPOINT WARNING * * *
You closely miss something. Something hits you.
* * * LOW HITPOINT WARNING * * *
Something shocks you.
You die...

##....# ##..########....
#....## ##..## ##...
##.....## ##..## ##..
##..###..###).## ###### ###
##..## ##...).## ##....## #
##..## ##..)## ##......#
##..## #..)# ##.......#
##..## ##..)## ##........#
#..## ##...)@###.......>##
...## ##...)..{.........## #
....######..####..........##
# ......##...## ##..(.....##
### ..........## ##......##
###.. .........## #.....(#
##.... .........# #....(##
##..... .........## #.....#
#...... #######...# #.....#
#......


There were no monsters in sight!

Vanquished Creatures
  Pikel (D:4)
  Grinder (D:3)
  A sky beast (D:6)
  2 ogres
  2 lemures
  2 phantoms
  A kobold brigand (D:6)
  2 scorpions
  A jelly (D:3)
  A gnoll bouda (D:6)
  2 orc priests (D:4)
  4 hounds
  Terence (D:3)
  4 iguanas
  3 gnolls (D:6)
  7 adders
  An ufetubus (D:4)
  3 dart slugs
  15 orcs
  3 ball pythons
  6 bats
  5 endoplasms
  3 giant cockroaches
  18 goblins
  5 hobgoblins
  5 jackals
  2 quokkas
  4 frilled lizards
  11 kobolds
  11 rats
127 creatures vanquished.

Notes
Turn   | Place    | Note
-------+----------+-------------------------------------------
     0 | D:1      | GiantSquids the Octopode Fighter began the quest for the
                  | Orb.
     0 | D:1      | Reached XP level 1. HP: 16/16 MP: 1/1
   242 | D:1      | Reached XP level 2. HP: 19/21 MP: 2/2
   258 | D:1      | Reached skill level 1 in Stealth
   788 | D:2      | Reached XP level 3. HP: 26/26 MP: 3/3
  1590 | D:3      | Reached skill level 3 in Unarmed Combat
  1590 | D:3      | Reached XP level 4. HP: 5/31 MP: 4/4
  2294 | D:3      | Found a shadowy altar of Dithmenos.
  2314 | D:3      | Noticed Grinder
  2440 | D:3      | Noticed Terence
  2449 | D:3      | Killed Terence
  2450 | D:3      | Reached XP level 5. HP: 30/36 MP: 5/5
  2459 | D:3      | Killed Grinder
  2460 | D:3      | Reached skill level 4 in Unarmed Combat
  2460 | D:3      | Reached XP level 6. HP: 3/43 MP: 6/6
  3068 | D:4      | Reached XP level 7. HP: 30/48 MP: 7/7
  3311 | D:4      | Noticed Pikel
  3665 | D:4      | Reached skill level 5 in Unarmed Combat
  3788 | D:4      | Found a burning altar of Makhleb.
  3861 | D:4      | Killed Pikel
  3862 | D:4      | Reached skill level 5 in Fighting
  3862 | D:4      | Reached skill level 5 in Dodging
  3862 | D:4      | Reached skill level 5 in Stealth
  3862 | D:4      | Reached skill level 6 in Unarmed Combat
  3862 | D:4      | Reached XP level 8. HP: 27/56 MP: 8/8
  4206 | D:5      | Entered Level 5 of the Dungeon
  4720 | D:5      | Reached skill level 7 in Unarmed Combat
  4902 | D:5      | Found a snail-covered altar of Cheibriados.
  4915 | D:5      | Became a worshipper of Cheibriados the Contemplative
  4943 | D:5      | Found a shimmering altar of Xom.
  5466 | D:6      | Reached XP level 9. HP: 21/62 MP: 9/9
  5950 | D:6      | Reached skill level 1 in Invocations
  6254 | D:6      | Slain by a sky beast

Illustrated notes

Levels and vault maps discovered:
D:1:      roderic_chinese_lattice_arrival, layout_basic
D:2:      layout_loops_ring, nicolae_eternal_life
D:3:      kennysheep_the_goblin_king, layout_basic, lemuel_crystal_altar,
          uniq_grinder, uniq_terence
D:4:      cheibrodos_greedy_goblins, layout_cave_pools, kennysheep_mini_moat,
          uniq_pikel
D:5:      layout_basic, xom_teletrap_fun, old_standard_altar
D:6:      layout_layer_cave

Skill      XL: |  1  2  3  4  5  6  7  8  9 |
---------------+----------------------------+-----
Stealth        | 1 2 3 4 5 |  5.7
Unarmed Combat | 3 4 6 7 |  7.7
Fighting       | 4 5 6 |  6.2
Dodging        | 4 5 6 |  6.0
Invocations    | 1 |  1.0
Shields        | |  3.0

Action                   |  1- 3 |  4- 6 |  7- 9 || total
-------------------------+-------+-------+-------++-------
Melee: Unarmed           |    85 |    90 |   185 ||   360
       Constrict         |    21 |    21 |    37 ||    79
       Tentacles         |    13 |    22 |    41 ||    76
       Punch             |     4 |     2 |     9 ||    15
Throw: Stone             |       |     5 |       ||     5
       Dart              |       |       |     4 ||     4
  Use: Potion            |       |       |     1 ||     1
 Stab: Sleeping          |    15 |     2 |     9 ||    26
Armor: Skin              |     8 |     7 |    11 ||    26
Dodge: Dodged            |    36 |    42 |    83 ||   161
Block: Buckler           |     9 |    12 |    21 ||    42

Table legend: (Time is in decaauts)
 A = Elapsed time spent in this place.
 B = Non-inter-level travel time spent in this place.
 C = Inter-level travel time spent in this place.
 D = Time resting spent in this place.
 E = Time spent auto-exploring this place.
 F = Levels seen in this place.
 G = Mean time per level.
                   A        B        C        D        E       F      G
               +--------+--------+--------+--------+--------+-----+--------+
         Total |   6552 |   6415 |    137 |   1047 |   4238 |   6 | 1092.0 |
       Dungeon |   6552 |   6415 |    137 |   1047 |   4238 |   6 | 1092.0 |
               +--------+--------+--------+--------+--------+-----+--------+

Top non-repeatable levels by time:
     D:3: 1504 daAuts
     D:6: 1312 daAuts
     D:4: 1191 daAuts
     D:5: 1042 daAuts
     D:2: 828 daAuts
     D:1: 673 daAuts
